AoeStats
← Favriel

Arabia

509839471Analyzed
2v2 RM · 3d ago on Sep 28, 2026· 57m 12s· 4 players
Game mode
Random Map
Map size
Medium (4 player)
Population
200
Speed
Normal
Resources
Standard
Victory
Conquest
Starting age
Dark Age
Ending age
Imperial Age
RankedLock teamsTeams togetherTeam positionsShared explorationLock speedFull tech treeHidden civsTurbo modeCheats
Victory
Defeat
🇺🇦 Vikings · Ukraine
1172
+13
🇫🇷 Mongols · France
1141
+14
🇹🇷 Lithuanians · Türkiye
1112
-14
🇮🇹 Japanese · Italy
1105
-13
Player455139229
7:40 Loom
9:46 Feudal Age
10:21 Double-Bit Axe
13:47 Gold Mining
15:15 Wheelbarrow
15:40 Town Watch
18:49 Castle Age
20:29 Horse Collar
22:01 Pikeman
25:44 Stone Mining
26:08 Bow Saw
27:08 Forging
27:15 Fervor
27:55 Atonement
28:32 Hand Cart
30:21 Gold Shaft Mining
31:03 Iron Casting
30:31 Squires
31:26 Nomads
34:55 Imperial Age
33:14 Scale Barding Armor
33:24 Bloodlines
33:52 Ballistics
34:01 Caravan
34:25 Chain Barding Armor
35:08 Fortified Wall
35:56 Conscription
37:07 Blast Furnace
35:38 Light Cavalry
37:12 Drill
37:20 Siege Engineers
36:39 Capped Ram
36:53 Hussar
37:37 Husbandry
39:36 Chemistry
38:31 Fletching
38:39 Siege Ram
39:39 Bodkin Arrow
40:07 Town Patrol
40:44 Bracer
41:12 Heavy Plow
41:13 Padded Archer Armor
41:22 Elite Mangudai
43:38 Leather Archer Armor
43:58 Masonry
44:22 Thumb Ring
45:31 Parthian Tactics
46:39 Stone Shaft Mining
46:11 Elite Steppe Lancer
48:08 Gold Shaft Mining
47:36 Murder Holes
49:32 Hoardings
Sealion42
7:12 Loom
9:45 Feudal Age
11:07 Double-Bit Axe
11:25 Horse Collar
14:03 Gold Mining
19:50 Castle Age
18:31 Fletching
19:54 Crossbowman
21:29 Bodkin Arrow
21:57 Bow Saw
22:59 Padded Archer Armor
25:53 Heavy Plow
32:16 Imperial Age
32:14 Ballistics
32:04 Masonry
32:23 Arbalester
33:06 Bracer
33:17 Forging
34:15 Chemistry
33:44 Leather Archer Armor
34:00 Capped Ram
35:41 Siege Ram
38:57 Conscription
39:38 Bogsveigar
41:45 Pikeman
43:21 Pikeman
44:50 Elite Varangian Guard
45:47 Scale Mail Armor
45:58 Forging
46:02 Chieftains
46:11 Squires
45:57 Arson
48:50 Chain Mail Armor
49:10 Iron Casting
50:45 Plate Mail Armor
54:41 Iron Casting
54:36 Ring Archer Armor
Favriel
7:47 Loom
10:11 Feudal Age
11:20 Double-Bit Axe
21:22 Castle Age
20:46 Scale Barding Armor
20:41 Horse Collar
21:10 Gold Mining
22:55 Heavy Plow
24:37 Husbandry
27:36 Wheelbarrow
26:46 Town Watch
27:15 Bow Saw
27:31 Bloodlines
29:55 Chain Barding Armor
31:03 Fervor
32:24 Stone Mining
35:59 Imperial Age
34:58 Forging
34:44 Fletching
35:35 Hand Cart
35:37 Treadmill Crane
36:22 Ballistics
36:19 Hill Forts
36:30 Town Patrol
37:23 Conscription
37:43 Cavalier
39:43 Paladin
41:40 Chemistry
41:05 Guilds
41:17 Guilds
44:26 Plate Barding Armor
44:26 Iron Casting
45:18 Hoardings
45:55 Bodkin Arrow
47:25 Bracer
47:38 Masonry
47:23 Murder Holes
55:04 Theocracy
55:06 Illumination
54:58 Block Printing
54:46 Padded Archer Armor
Salty Ballz
8:52 Loom
10:39 Feudal Age
15:24 Fletching
18:51 Castle Age
17:09 Padded Archer Armor
17:58 Double-Bit Axe
19:11 Crossbowman
22:51 Pikeman
25:56 Bow Saw
26:14 Ballistics
25:49 Town Watch
27:14 Thumb Ring
28:35 Wheelbarrow
28:04 Husbandry
29:14 Gold Mining
30:16 Bodkin Arrow
35:25 Imperial Age
33:22 Bloodlines
35:54 Leather Archer Armor
36:43 Heavy Cavalry Archer
38:16 Conscription
40:01 Elite Skirmisher
42:02 Bracer
46:32 Ring Archer Armor
46:35 Kataparuto
51:08 Scale Mail Armor
51:18 Forging
Connection lost

Rejoining the realm…

Still unreachable

The connection could not be restored.

Session expired

The server has moved on; the page needs a fresh start.